 Dungeon Crawl Stone Soup version 0.18.1-5-g4a78601 (webtiles) character file.

11 tyrsky the Digger (level 2, -3/15 HPs)
             Began as a Gargoyle Earth Elementalist on May 14, 2016.
             Slain by a hobgoblin
             ... wielding a +0 club
              (4 damage)
             ... on level 1 of the Dungeon.
             The game lasted 00:01:37 (153 turns).

tyrsky the Digger (Gargoyle Earth Elementalist)      Turns: 153, Time: 00:01:38

Health: -3/15      AC:  4    Str: 11    XL:     2   Next: 29%
Magic:  0/5        EV: 12    Int: 15    God:
Gold:   17         SH:  0    Dex: 10    Spells: 1 memorised, 4 levels left

rFire  . . .     SeeInvis .     (no weapon)
rCold  . . .     Gourm    .     a - +0 robe
rNeg   + . .     Faith    .     (no shield)
rPois  ∞         Spirit   .     (no helmet)
rElec  +         Dismiss  .     (no cloak)
rCorr  .         Reflect  .     (no gloves)
SustAt .         Harm     .     (no boots)
MR     .....                    (no amulet)
Stlth  ++........               (no ring)
                                (no ring)

@: very slightly contaminated, not resistant to hostile enchantments, unstealthy
A: negative energy resistance 1, electricity resistance, unbreathing,
petrification resistance, rot immunity, AC +2
a: no special abilities


You were on level 1 of the Dungeon.
You were not hungry.

You visited 1 branch of the dungeon, and saw 1 of its levels.

You collected 17 gold pieces.

Inventory:

Missiles
 b - 20 stones (quivered)
Armour
 a - a +0 robe (worn)
Books
 c - a book of Geomancy

   Spells                             Type                      Level
   a - Sandblast                      Earth                        1
   b - Passwall                       Transmutation/Earth          2
   c - Stone Arrow                    Conjuration/Earth            3
   d - Petrify                        Transmutation/Earth          4
   e - Lee's Rapid Deconstruction     Earth                        5
Comestibles
 d - a bread ration


   Skills:
 - Level 1.5 Dodging
 - Level 2.1 Stealth
 * Level 2.4 Spellcasting
   Level 0.7 Transmutations
 + Level 4.0 Earth Magic


You had 4 spell levels left.
You knew the following spells:

 Your Spells              Type           Power        Failure   Level  Hunger
a - Sandblast             Erth           ##....       4%          1    #......


Dungeon Overview and Level Annotations

Branches:
Dungeon (1/15)

Altars:
Cheibriados


Innate Abilities, Weirdness & Mutations

You are resistant to torment.
Your stone body is resilient (AC +2).
You are immune to poison.
You resist negative energy.
You are resistant to electric shocks.
You can survive without breathing.
You are immune to petrification.
You are immune to rotting.


Message History

Press: ? - help, Shift-Dir - straight line, f - rat
Aim: a rat (severely wounded)
The blast of sand hits the rat.
You kill the rat!
Your Earth Magic skill increases to level 4!
The bat hits you but does no damage. The rat barely misses you.
The giant cockroach bites you.
* * * LOW HITPOINT WARNING * * *
The bat hits you but does no damage.
You hit the hobgoblin but do no damage. The bat hits you but does no damage.
The giant cockroach barely misses you. The rat closely misses you.
The hobgoblin hits you with a club.
* * * LOW HITPOINT WARNING * * *
Casting: Sandblast
Confirm with . or Enter, or press ? or * to list all spells.
You don't have enough magic to cast that spell.
You barely miss the hobgoblin. The bat completely misses you.
The giant cockroach bites you but does no damage.
The rat barely misses you. The hobgoblin hits you with a club.
You die...

###### #?...#
##....#
##..._.#
#..r.b.#
#.Kg9.## ####
##.Ks### #...##
#(..##
###....###...#
.......#....##
#K..##.#
########.#....#
....g.K..#..###
###.###......#


You could see a giant cockroach, a hobgoblin, a bat, 2 kobolds and a rat.

Vanquished Creatures
  An ooze (D:1)
  A giant gecko (D:1)
  2 jackals (D:1)
  A bat (D:1)
  A giant newt (D:1)
  A rat (D:1)
7 creatures vanquished.

Notes
Turn   | Place    | Note
--------------------------------------------------------------
     0 | D:1      | tyrsky the Gargoyle Earth Elementalist began the quest for the Orb.
     0 | D:1      | Reached XP level 1. HP: 10/10 MP: 3/3
    65 | D:1      | Reached XP level 2. HP: 9/15 MP: 0/5
   132 | D:1      | Found a snail-covered altar of Cheibriados.
   151 | D:1      | Reached skill level 4 in Earth Magic
   153 | D:1      | Slain by a hobgoblin

Skill      XL: |  1  2 |
---------------+-------+-----
Earth Magic    | 4 |  4.0
Dodging        | |  1.5
Stealth        | |  2.1
Spellcasting   | |  2.4
Transmutations | |  0.7

Action                   || total
-------------------------++-------
Melee: Unarmed           ||    25
 Cast: Sandblast         ||    12
Armor: Robe              ||    36
Dodge: Dodged            ||    84
